Map: Pylon LE

Players

LigerMaNN

  • Race: Zerg Zerg
  • League: Diamond
  • Spawn Location: 11:00

Mer - Winner!

  • Race: Terran Terran
  • League: Diamond
  • Spawn Location: 5:00

VOD

Have the link to the VOD?

Description

Time

  • Played on: July 1, 2025, 12:39 a.m.
  • Length: 19:10
Show
View Real Time Build Order
Export as new Build Order

LigerMaNN Zerg 

Build Orders: Hatch First 

Get SALT Encoding   

  12  0:01  Drone  
  13  0:13  Overlord  
  13  0:16  Drone  
  14  0:31  Drone x2  
  16  0:36  Drone  
  17  0:51  Hatchery  
  17  0:55  Drone  
  17  0:58  Drone  
  18  1:10  Extractor  
  17  1:14  Spawning Pool  
  17  1:17  Drone  
  17  1:20  Drone  
  18  1:29  Drone  
  19  1:39  Drone  
  20  1:50  Drone  
  21  2:04  Queen  
  21  2:05  Queen  
  21  2:07  Zergling x4  
  27  2:12  Overlord  
  27  2:17  Metabolic Boost  
  27  2:31  Hatchery  
  27  2:35  Drone x2  
  27  2:36  Drone  
  28  2:47  Drone x3  
  28  2:48  Drone  
  32  3:00  Queen  
  32  3:02  Overlord  
  32  3:04  Drone  
  35  3:15  Overlord x2  
  35  3:24  Drone x4  
  39  3:35  Drone x2  
  39  3:40  Queen  
  43  3:42  Queen  
  45  3:52  Lair  
  45  3:57  Drone x3  
  45  3:58  Extractor  
  45  3:59  Drone x3  
  50  4:12  Roach Warren  
  49  4:19  Evolution Chamber  
  49  4:22  Evolution Chamber  
  47  4:24  Baneling Nest, Drone x7  
  47  4:25  Drone  
  54  4:48  Overlord  
  54  4:49  Overlord x5  
  54  5:02  Roach  
  66  5:07  Roach x5  
  66  5:12  Hatchery  
  64  5:23  Zergling x2  
  64  5:24  Zergling x22  
  72  5:39  Queen  
  72  5:40  Queen  
  76  5:47  Drone x5  
  76  5:48  Drone x4  
  76  5:49  Overlord  
  85  5:54  Zerg Melee Weapons Level 1  
  85  5:56  Zerg Ground Armor Level 1  
  74  6:11  Spore Crawler  
  74  6:12  Spore Crawler  
  74  6:13  Spore Crawler x2  
  74  6:14  Spore Crawler  
  56  6:37  Drone x13  
  56  6:39  Drone  
  63  6:49  Drone x2  
  63  7:07  Drone  
  63  7:08  Drone x5  
  65  7:09  Drone  
  65  7:12  Spore Crawler  
  63  7:24  Drone x7  
  70  7:45  Spore Crawler  
  70  7:47  Spore Crawler  
  70  7:49  Spire  
  70  7:50  Spore Crawler  
  66  7:58  Drone x3, Extractor  
  69  7:59  Drone x2, Extractor  
  69  8:00  Drone  
  69  8:02  Drone x3  
  69  8:03  Drone, Extractor x2  
  69  8:04  Drone x3  
  75  8:09  Overseer  
  75  8:55  Zergling x26  
  80  8:56  Zergling x16  
  80  8:58  Queen  
  80  9:00  Queen  
  80  9:01  Queen  
  80  9:02  Queen  
  100  9:16  Centrifugal Hooks  
  100  9:17  Zerg Melee Weapons Level 2, Zerg Ground Armor Level 2  
  100  9:19  Corruptor x6, Zerg Flyer Weapons Level 1  
  112  9:28  Overlord x3  
  112  9:40  Overlord x3  
  112  9:49  Hatchery  
  112  9:50  Corruptor x2  
  115  9:53  Overlord  
  107  10:01  Zergling x14  
  101  10:20  Baneling x8  
  101  10:21  Baneling x20  
  101  10:22  Baneling x3  
  101  10:25  Drone  
  101  10:26  Drone  
  101  10:27  Drone  
  80  10:45  Roach x10  
  91  11:11  Glial Reconstitution  
  83  11:23  Mutalisk x3  
  83  11:24  Mutalisk x6  
  89  11:33  Mutalisk x2  
  89  11:37  Zergling x16  
  97  11:56  Zergling x10  
  97  11:59  Baneling x7  
  97  12:00  Baneling x9  
  102  12:01  Zergling x18  
  95  12:28  Drone  
  95  12:29  Drone x12  
  98  12:31  Drone x7  
  105  12:48  Hatchery  
  104  12:55  Zergling x16, Hatchery  
  104  12:57  Zergling x8  
  107  13:20  Corruptor x6  
  107  13:23  Zergling x6  
  122  13:30  Infestation Pit  
  121  13:38  Extractor  
  121  13:40  Extractor  
  116  13:57  Roach x13  
  116  14:02  Mutalisk x3  
  144  14:07  Hive  
  148  14:11  Queen  
  150  14:21  Spore Crawler  
  150  14:22  Spore Crawler  
  148  14:25  Drone x2  
  148  14:26  Drone x4  
  148  14:29  Zergling x2  
  155  14:35  Overlord x6  
  155  14:38  Baneling x6  
  155  14:40  Ravager  
  153  14:53  Ravager x11  
  153  14:54  Ravager  
  151  15:25  Zergling x12  
  151  15:26  Zergling x30  
  151  15:28  Adrenal Glands  
  172  15:29  Zerg Melee Weapons Level 3, Zerg Ground Armor Level 3  
  172  15:30  Zerg Flyer Weapons Level 2  
  172  15:32  Corruptor  
  174  15:51  Corruptor  
  174  15:52  Corruptor x4  
  182  16:09  Zergling x22  
  182  16:10  Zergling x4  
  159  16:31  Zergling x14  
  150  16:36  Overseer  
  131  16:48  Zergling x12  
  125  17:02  Hatchery  
  125  17:05  Zergling x20  
  102  17:09  Baneling x12  
  68  17:32  Baneling x14  
  68  17:33  Drone  
  68  17:34  Drone x9  
  61  17:45  Drone x4  
  51  18:19  Ultralisk Cavern  
  50  18:21  Drone  
  50  18:22  Drone x11  
  50  18:24  Drone  
  50  18:26  Drone  
  64  18:28  Drone  
  61  19:01  Hatchery  
  60  19:05  Hatchery  
Show
View Real Time Build Order
Export as new Build Order

Mer Terran - Winner!

Build Orders: Reaper Expand 

Get SALT Encoding   

  12  0:00  SCV  
  13  0:12  SCV  
  14  0:17  Supply Depot  
  14  0:24  SCV  
  15  0:38  SCV  
  15  0:41  Barracks  
  16  0:45  Refinery  
  16  0:50  SCV  
  17  1:03  SCV  
  18  1:15  SCV  
  19  1:28  Orbital Command  
  19  1:29  Reaper  
  20  1:43  Command Center  
  20  1:55  SCV  
  21  2:01  Supply Depot, Barracks Reactor  
  21  2:02  Refinery  
  21  2:07  SCV  
  22  2:19  SCV  
  23  2:24  Factory  
  23  2:31  SCV  
  24  2:39  Marine x2  
  24  2:43  SCV  
  27  2:55  SCV  
  27  2:57  Marine x2  
  30  3:00  Orbital Command  
  30  3:08  SCV  
  30  3:10  Starport  
  31  3:20  SCV  
  32  3:30  SCV  
  32  3:31  Hellion x2  
  32  3:32  SCV  
  38  3:38  Supply Depot  
  38  3:39  Supply Depot  
  38  3:42  SCV  
  38  3:44  SCV  
  40  3:49  Fusion Core, Viking  
  40  3:54  SCV  
  40  3:55  Hellion  
  45  3:56  SCV  
  45  4:00  Hellion  
  48  4:06  SCV  
  48  4:08  SCV  
  49  4:16  Hellion  
  51  4:18  SCV  
  51  4:20  Supply Depot, SCV  
  51  4:21  Hellion  
  51  4:22  Starport Tech Lab  
  51  4:23  Supply Depot  
  55  4:30  SCV  
  56  4:32  SCV  
  56  4:38  Hellion  
  59  4:42  Hellion, SCV, Battlecruiser  
  68  4:45  Supply Depot  
  68  4:58  SCV  
  68  4:59  Hellion, SCV  
  72  5:04  Hellion  
  74  5:10  Supply Depot  
  74  5:20  Hellion  
  74  5:28  Hellion  
  76  5:29  Command Center  
  66  5:44  Factory  
  66  5:45  Factory  
  66  5:47  Refinery  
  66  5:48  Refinery  
  66  6:00  Hellion x2  
  66  6:03  SCV  
  66  6:04  SCV  
  72  6:10  Starport Tech Lab, Supply Depot  
  72  6:11  Supply Depot  
  72  6:13  Armory  
  72  6:14  Armory  
  72  6:15  SCV  
  72  6:16  SCV  
  74  6:22  Hellion x2  
  52  6:43  Hellion x2  
  50  7:00  Cyclone  
  50  7:01  Cyclone, Engineering Bay  
  54  7:11  SCV x2  
  56  7:17  Orbital Command  
  56  7:23  SCV x2  
  58  7:31  Terran Vehicle Weapons Level 1, Terran Vehicle And Ship Armor Level 1  
  58  7:35  SCV  
  59  7:44  SCV  
  59  7:45  Cyclone x2, SCV  
  59  7:48  SCV  
  59  7:51  Missile Turret  
  68  7:56  SCV  
  68  7:57  SCV  
  70  7:59  Missile Turret  
  70  8:00  SCV  
  70  8:05  Mag-Field Accelerator  
  71  8:09  SCV x2  
  73  8:13  SCV  
  73  8:19  Barracks Reactor  
  77  8:21  SCV x2  
  77  8:23  Cyclone x2  
  77  8:24  Hellion x2  
  77  8:25  SCV  
  87  8:33  SCV x2  
  89  8:34  Supply Depot  
  89  8:35  Supply Depot  
  89  8:36  Supply Depot  
  89  8:37  SCV  
  90  8:50  SCV x2  
  92  8:58  Supply Depot  
  92  9:00  Supply Depot  
  92  9:09  SCV x3  
  95  9:11  Cyclone x2  
  95  9:12  Medivac x2  
  95  9:13  Hellion x2  
  109  9:21  SCV x2  
  109  9:22  SCV  
  109  9:24  Command Center  
  112  9:26  Terran Vehicle Weapons Level 2  
  112  9:29  Terran Vehicle And Ship Armor Level 2  
  112  9:33  SCV  
  113  9:42  Medivac x2  
  113  9:43  Cyclone  
  115  10:00  Missile Turret  
  115  10:01  Missile Turret  
  115  10:02  Refinery x2  
  115  10:05  Supply Depot  
  115  10:08  Supply Depot  
  115  10:14  Missile Turret x2  
  115  10:21  Cyclone x2, Hellion x2  
  123  10:22  Infernal Pre-Igniter  
  123  10:26  Supply Depot  
  123  10:27  Supply Depot  
  97  10:51  Hellion x2  
  97  10:53  Cyclone x2  
  107  11:00  Factory  
  107  11:01  Factory  
  102  11:18  Hellion x2  
  106  11:22  Liberator  
  106  11:25  Cyclone x2  
  109  11:37  SCV x3  
  112  11:49  Factory Tech Lab x2, SCV  
  112  11:50  Hellion x2  
  117  11:57  Cyclone, Hellion, Planetary Fortress  
  117  11:58  Missile Turret  
  117  12:00  Missile Turret  
  122  12:04  Command Center  
  122  12:09  Liberator x2  
  124  12:21  Cyclone x2  
  124  12:22  Hellion  
  107  12:30  SCV x2  
  109  12:44  SCV x3  
  109  12:45  Terran Vehicle And Ship Armor Level 3  
  109  12:49  Terran Vehicle Weapons Level 3  
  111  12:52  SCV, Liberator x2  
  111  12:56  SCV  
  104  13:15  SCV x2  
  104  13:16  SCV  
  107  13:27  Cyclone x3  
  107  13:28  Cyclone  
  107  13:30  Neosteel Armor  
  119  13:37  Command Center  
  119  13:38  Command Center  
  119  13:39  SCV  
  120  13:48  SCV  
  121  13:59  Sensor Tower  
  121  14:03  Sensor Tower  
  121  14:04  SCV, Planetary Fortress  
  121  14:05  Missile Turret  
  121  14:06  Missile Turret  
  121  14:08  SCV x3  
  125  14:16  SCV  
  126  14:23  Liberator x2  
  132  14:34  Command Center  
  132  14:37  Command Center  
  132  14:54  Cyclone x2  
  132  14:55  Orbital Command x2  
  132  14:58  Refinery x2  
  138  15:10  Hi-Sec Auto Tracking  
  123  15:22  Cyclone x2, Terran Ship Weapons Level 1  
  123  15:24  Hellion x2  
  123  15:26  Cyclone x2  
  139  15:36  Weapon Refit  
  139  15:39  Starport  
  139  15:43  Starport  
  139  15:54  Cyclone  
  139  15:55  Starport Tech Lab  
  142  16:03  Command Center  
  142  16:06  Command Center  
  142  16:09  Command Center  
  109  16:33  Starport Tech Lab x2  
  109  16:44  Cyclone x2  
  109  16:45  Cyclone x2, Hellion  
  109  16:46  Hellion  
  123  16:49  Hellion  
  123  16:51  Hellion x3  
  123  17:07  Hellion x2  
  121  17:16  Cyclone  
  121  17:17  Cyclone, Hellion  
  129  17:25  Orbital Command  
  123  17:33  Command Center  
  123  17:41  SCV  
  119  17:58  Refinery  
  119  17:59  Cyclone x4  
  119  18:00  Hellion x2  
  127  18:19  Orbital Command  
  127  18:21  Hellion  
  129  18:31  Cyclone x2  
  135  18:46  Hellion x5  
Tags
 
Add a new tag
Caveats
  • Supply blocks, unpowered buildings, or Contaminate may cause inaccurate times.
  • Supply counts are checked every 10 seconds.